 Dungeon Crawl Stone Soup version 0.24.1-14-gf8d2b509d9 (webtiles) character file.

Game seed: 6588229855101307330, levelgen mode: deterministic

131 DogServant the Ruffian (level 4, 0/36 HPs)
             Began as a Draconian Transmuter on Oct 30, 2020.
             Slain by a giant cockroach (1 damage)
             ... on level 4 of the Dungeon.
             The game lasted 00:05:56 (2708 turns).

DogServant the Ruffian (Draconian Transmuter)       Turns: 2708, Time: 00:05:56

Health: 0/36       AC:  2    Str: 14    XL:     4   Next: 91%
Magic:  0/7        EV: 19    Int: 13    God:
Gold:   98         SH:  0    Dex: 16    Spells: 1/7 levels left

rFire    . . .     SeeInvis .     - Unarmed
rCold    . . .     Gourm    .   (shield currently unavailable)
rNeg     . . .     Faith    .   (armour unavailable)
rPois    x         Spirit   .   (helmet currently unavailable)
rElec    .         Reflect  .   (cloak currently unavailable)
rCorr    .         Harm     .   (gloves currently unavailable)
MR       .....                  (boots currently unavailable)
Stlth    +.........             (no amulet)
HPRegen  0.12/turn              (no ring)
MPRegen  0.10/turn              (no ring)

@: spider-form (expiring), very slightly contaminated
A: tiny, unfitting armour, AC +5
a: End Transformation


You were on level 4 of the Dungeon.
You were not hungry.
You were a venomous arachnid creature.
You visited 1 branch of the dungeon, and saw 4 of its levels.

You collected 98 gold pieces.

Inventory:

Missiles
 a - 60 arrows
Armour
 b - a scarf of resistance (melded)
 i - a +0 pair of boots (melded)
 j - a +0 pair of gloves (melded)
 p - a +0 hat (melded)
Wands
 m - a wand of polymorph (10)
Scrolls
 d - 3 scrolls of remove curse {unknown}
 e - 5 scrolls of identify {unknown}
 g - a scroll of noise {unknown}
 h - a scroll of enchant armour {unknown}
 k - 3 scrolls of teleportation {unknown}
 l - a scroll of enchant weapon {unknown}
 n - a scroll of amnesia {unknown}
Potions
 f - 2 potions of curing {unknown}
 o - a potion of might {unknown}
Comestibles
 c - 7 rations


   Skills:
 + Level 2.1 Fighting
 - Level 2.0 Dodging
 + Level 4.3 Unarmed Combat
 - Level 2.1 Spellcasting
 + Level 3.4 Transmutations


You had one spell level left.
You knew the following spells:

 Your Spells              Type           Power        Failure   Level  Hunger
a - Beastly Appendage     Tmut           ##....       17%         1    ##.....
b - Sticks to Snakes      Tmut           ##......     24%         2    ###....
c - Spider Form           Tmut/Pois      #.........   58%         3    ####...

Your spell library contained the following spells:

 Spells                   Type           Power        Failure   Level  Hunger
 Ice Form                 Ice/Tmut       #.......     90%         4    #####..
 Blade Hands              Tmut           ##........   95%         5    ######.


Dungeon Overview and Level Annotations

Branches:
Dungeon (4/15)
 Temple: D:4-7

Altars:


Innate Abilities, Weirdness & Mutations

((Your plain brown scales are hard. (AC +5)))
You cannot fit into any form of body armour.
((You are cold-blooded and may be slowed by cold attacks.))


Message History

The ice beast completely misses you.
You hit the ice beast but do no damage.
The ice beast is moderately wounded.
The adder closely misses you.
Your ball python misses the ice beast.
The giant cockroach misses you. The adder misses you. The ice beast misses you.
You hit the ice beast.
The ice beast looks as sick as possible!
The ice beast is heavily wounded.
Your ball python bites the ice beast but does no damage.
The giant cockroach bites you. The adder completely misses you.
You hit the ice beast.
The ice beast is almost dead.
The ice beast hits you. The ice beast freezes you!
* * * LOW HITPOINT WARNING * * *
Your ball python barely misses the ice beast.
The dart slug launches a dart at you. The slug dart hits you.
* * * LOW HITPOINT WARNING * * *
The giant cockroach bites you.
You die...

..##........###
..............####
.............##>.##
..............#...##
..............##...## #
...........##.##[...#.#.
...........#............
#..........##..SYs......
........... #...sS......
###....... #....#...##.
... #....####... ..
#...... ... #....... .w
#......w. ..####.# ...
##


You could see an ice beast, an adder, a dart slug, a giant cockroach and a
friendly ball python.

Vanquished Creatures
  An orc priest (D:4)
  A howler monkey skeleton (D:3)
  2 adders
  An adder skeleton (D:4)
  2 worms (D:2)
  A dart slug (D:2)
  5 leopard geckos
  5 orcs
  3 ball pythons
  2 giant cockroaches
  5 goblins
  7 hobgoblins
  4 kobolds
  5 bats
  3 frilled lizards
  9 rats
56 creatures vanquished.

Vanquished Creatures (collateral kills)
  2 goblins (D:1)
  A frilled lizard (D:2)
3 creatures vanquished.

Grand Total: 59 creatures vanquished

Notes
Turn   | Place    | Note
-------+----------+-------------------------------------------
     0 | D:1      | DogServant the Draconian Transmuter began the quest for the
                  | Orb.
     0 | D:1      | Reached XP level 1. HP: 16/16 MP: 3/3
   124 | D:1      | Reached XP level 2. HP: 9/23 MP: 3/5
   367 | D:1      | Learned a level 2 spell: Sticks to Snakes
   895 | D:2      | Reached XP level 3. HP: 28/28 MP: 6/6
  1550 | D:3      | Reached skill level 4 in Unarmed Combat
  1567 | D:3      | Learned a level 3 spell: Spider Form
  1708 | D:3      | Reached XP level 4. HP: 35/35 MP: 7/7
  2693 | D:4      | Noticed an ice beast
  2708 | D:4      | HP: 1/36 [dart slug/slug dart (5)]
  2708 | D:4      | Slain by a giant cockroach

Levels and vault maps discovered:
D:1:      giann_bridges, layout_rooms
D:2:      layout_rooms
D:3:      layout_loops_corners, first_ration, minmay_crystal_water,
          chequers_serial_rivers_small_3
D:4:      layout_cave_pools, nicolae_overflow_crystal_walls,
          lemuel_statue_altar, uniq_edmund

Skill      XL: |  1  2  3  4 |
---------------+-------------+-----
Dodging        | 2 |  2.0
Unarmed Combat | 4 |  4.3
Transmutations | 3 |  3.4
Fighting       | 2 |  2.1
Spellcasting   | |  2.1

Action                   |  1- 3 |  4- 6 || total
-------------------------+-------+-------++-------
Melee: Unarmed           |   130 |    48 ||   178
       Kick              |     1 |       ||     1
       Headbutt          |    13 |       ||    13
       Tailslap          |     6 |     3 ||     9
       Punch             |     2 |       ||     2
 Cast: Beastly Appendage |    21 |       ||    21
       Sticks to Snakes  |     3 |     1 ||     4
       Spider Form       |       |     2 ||     2
  Eat: Chunk             |     3 |     1 ||     4
       Ration            |       |     1 ||     1
Armor: Skin              |    42 |    16 ||    58
Dodge: Dodged            |    89 |    40 ||   129
